 Dungeon Sprint DCSS version 0.21-a0-215-g0631661 (webtiles) character file.

2800 potatolord6000 the Grappler (level 9, -1/102 HPs)
             Began as a Troll Fighter on Aug 22, 2017.
             Was an Initiate of Gozag.
             Slain by a three-headed hydra (13 damage)
             ... in the Dungeon (Sprint IX: "|||||||||||||||||||||||||||||").
             The game lasted 00:05:16 (589 turns).

potatolord6000 the Grappler (Troll Fighter)          Turns: 589, Time: 00:05:17

Health: -1/102     AC:  4    Str: 32    XL:     9   Next: 44%
Magic:  8/8        EV: 14    Int:  5    God:    Gozag
Gold:   931        SH:  0    Dex:  9    Spells: 8/8 levels left

rFire    . . .     SeeInvis .   b - +5 battleaxe "Xogrue" {flame, Fragile rN+++ Int-2 Stlth+}
rCold    + . .     Gourm    +   (shield currently unavailable)
rNeg     + + +     Faith    .   (armour restricted)
rPois    .         Spirit   .   (helmet restricted)
rElec    .         Reflect  .   k - +0 cloak
rCorr    .         Harm     .   (gloves unavailable)
MR       .....     NoTele   +   (boots unavailable)
Stlth    ++........             (no amulet)
HPRegen  0.67/turn              m - +3 ring of strength
MPRegen  0.11/turn              l - +3 ring of intelligence

@: no status effects
A: unfitting armour, claws 3, cold resistance 1, fast metabolism 3, gourmand,
regeneration 1, screaming 1, shaggy fur 1, tough skin 2
a: Potion Petition, Call Merchant, Bribe Branch, Renounce Religion


You were in the Dungeon.
You worshipped Gozag.
Gozag was pleased with you.
You were very full.

You visited 1 branch You collected 1656 gold pieces.
You spent 322 gold pieces at shops.
You paid 403 gold pieces to Gozag.

Inventory:

Hand Weapons
 b - the +5 battleaxe "Xogrue" (weapon) {flame, Fragile rN+++ Int-2 Stlth+}
   (You bought it in a shop in the Dungeon)

   It has been specially enchanted to burn those struck by it, causing extra
   injury to most foes and up to half again as much damage against particularly
   susceptible opponents.
   Big, fiery blades are also staple armaments of hydra-hunters.
   It affects your intelligence (-2).
   It renders you almost immune to negative energy.
   It will be destroyed if unequipped.
   It makes you more stealthy.
Armour
 k - a +0 cloak (worn)
Jewellery
 l - a +3 ring of intelligence (right claw)
 m - a +3 ring of strength (left claw)
Scrolls
 c - 3 scrolls of remove curse
 f - 2 scrolls of amnesia
 g - 2 scrolls of identify
 j - 4 scrolls of blinking
 o - 2 scrolls of enchant weapon
 p - a scroll of fog
Potions
 a - a potion of invisibility
 e - 7 potions of curing
 h - 4 potions of magic
 i - 2 potions of haste
 n - a potion of berserk rage


   Skills:
 + Level 10.9 Fighting
 + Level 10.9 Dodging
   Level 2.7 Shields
 + Level 12.7 Unarmed Combat


You had 8 spell levels left.
You didn't know any spells.

Dungeon Overview and Level Annotations

Branches:
Dungeon (1/1)

Altars:
Cheibriados
Dithmenos
Elyvilon
Fedhas
Gozag
Hepliaklqana
Kikubaaqudgha
Makhleb
Nemelex Xobeh
Okawaru
Qazlal
Ru
Sif Muna
Trog
Uskayaw
Vehumet
Wu Jian
Xom
Yredelemnul
Zin
The Shining One
Beogh
Jiyva
Lugonu

Shops:
D (


Innate Abilities, Weirdness & Mutations

You are too large for most types of armour.
You have claws for hands.
Your metabolism is lightning-fast.
You like to eat raw meat.
Your natural rate of healing is unusually fast.
You are covered in fur. (AC +1)
You have very tough skin. (AC +2)
Your flesh is cold resistant. (rC+)
You occasionally shout uncontrollably at your foes.


Message History

The five-headed hydra misses you.
The komodo dragon hisses angrily.
You chop one of the five-headed hydra's heads off!
The flame cauterises the wound!
You slash the four-headed hydra! You burn the four-headed hydra!
The four-headed hydra is moderately wounded.
The four-headed hydra bites you.
The four-headed hydra completely misses you.
The four-headed hydra bites you! x2; The four-headed hydra misses you.
The four-headed hydra bites you. The four-headed hydra bites you!
* * * LOW HITPOINT WARNING * * *
The four-headed hydra bites you!
* * * LOW HITPOINT WARNING * * *
You lop one of the four-headed hydra's heads off!
The flame cauterises the wound!
You slice the three-headed hydra!! You burn the three-headed hydra!
The three-headed hydra is severely wounded.
The three-headed hydra misses you. The three-headed hydra bites you!
You die...
Your body crumbles into a pile of gold.

▓_▓.▓ $
▓_▓.▓ $
▓_▓.▓+▓
$
▓_▓.▓.▓
$
▓_▓.▓.▓
$
▓_▓.▓.▓
$
▓_▓.▓l▓
▓_▓.▓D▓
$
▓_▓.▓@▓
$
▓_▓.▓.▓
$
▓_▓.▓.▓
$
▓_▓.▓.▓
$
▓_▓.▓'▓
$
▓_▓.▓.▓
$
▓_▓.▓.▓
$
▓_▓.▓.▓
$
▓_▓.▓.▓
$


You could see a three-headed hydra and a komodo dragon.

Vanquished Creatures
  A hydra (D)
  A gargoyle (D)
  A komodo dragon (D)
  2 trolls (D)
  A vampire (D)
  2 porcupines (D)
  2 sky beasts (D)
  An ogre (D)
  2 centaurs (D)
  2 crocodiles (D)
  2 bullfrogs (D)
  A killer bee (D)
  2 worker ants (D)
  An adder skeleton (D)
  A dart slug (D)
  2 orcs (D)
  2 goblins (D)
  A bat (D)
  A jackal skeleton (D)
  A rat (D)
29 creatures vanquished.

Notes
Turn   | Place    | Note
-------+----------+-------------------------------------------
     0 | D        | potatolord6000 the Troll Fighter began the quest for the Orb.
     0 | D        | Reached XP level 1. HP: 22/22 MP: 0/0
    16 | D        | Reached skill level 3 in Unarmed Combat
    41 | D        | Noticed a sky beast
    41 | D        | Noticed a sky beast
    43 | D        | Reached XP level 2. HP: 29/29 MP: 1/1
    56 | D        | Killed a sky beast
    56 | D        | Reached skill level 5 in Unarmed Combat
    56 | D        | Reached XP level 3. HP: 21/41 MP: 2/2
    56 | D        | Reached XP level 4. HP: 26/49 MP: 3/3
    62 | D        | Killed a sky beast
    62 | D        | Reached skill level 5 in Fighting
    62 | D        | Reached skill level 5 in Dodging
    62 | D        | Reached skill level 6 in Unarmed Combat
    62 | D        | Reached XP level 5. HP: 34/59 MP: 4/4
    72 | D        | Found a roughly hewn altar of Beogh.
    72 | D        | Found a snail-covered altar of Cheibriados.
    72 | D        | Found a shadowy altar of Dithmenos.
    72 | D        | Found a white marble altar of Elyvilon.
    72 | D        | Found a blossoming altar of Fedhas.
    72 | D        | Found an opulent altar of Gozag.
    73 | D        | Found a hazy altar of Hepliaklqana.
    74 | D        | Found a viscous altar of Jiyva.
    75 | D        | Found an ancient bone altar of Kikubaaqudgha.
    76 | D        | Found a corrupted altar of Lugonu.
    77 | D        | Found a burning altar of Makhleb.
    78 | D        | Found a sparkling altar of Nemelex Xobeh.
    79 | D        | Found an iron altar of Okawaru.
    80 | D        | Became a worshipper of Gozag Ym Sagoz the Greedy
    81 | D        | Found a stormy altar of Qazlal.
    82 | D        | Found a sacrificial altar of Ru.
    83 | D        | Found a deep blue altar of Sif Muna.
    84 | D        | Found a bloodstained altar of Trog.
    85 | D        | Found a hide-covered altar of Uskayaw.
    86 | D        | Found a radiant altar of Vehumet.
    87 | D        | Found an ornate altar of the Wu Jian Council.
    88 | D        | Found a shimmering altar of Xom.
    89 | D        | Found a basalt altar of Yredelemnul.
    90 | D        | Found a glowing silver altar of Zin.
    91 | D        | Found a glowing golden altar of the Shining One.
   126 | D        | Noticed an ogre
   126 | D        | Noticed a centaur
   126 | D        | Noticed a vampire
   129 | D        | Reached skill level 7 in Unarmed Combat
   131 | D        | Killed a vampire
   131 | D        | Reached skill level 8 in Unarmed Combat
   131 | D        | Reached XP level 6. HP: 71/71 MP: 5/5
   140 | D        | Reached skill level 9 in Unarmed Combat
   144 | D        | Reached XP level 7. HP: 70/79 MP: 6/6
   187 | D        | Noticed a gargoyle
   187 | D        | Noticed a troll
   187 | D        | Noticed a troll
   192 | D        | Killed a troll
   192 | D        | Reached skill level 10 in Unarmed Combat
   207 | D        | Killed a troll
   207 | D        | Reached XP level 8. HP: 60/92 MP: 7/7
   213 | D        | Killed a gargoyle
   213 | D        | Reached skill level 11 in Unarmed Combat
   229 | D        | Bought an ichor-stained battleaxe for 322 gold pieces
   229 | D        | Identified the +5 battleaxe "Xogrue" {flame, Fragile rN+++ Int-2 Stlth+} (You bought it in a shop in the Dungeon)
   374 | D        | Gained mutation: You occasionally shout uncontrollably at your foes. [potion of mutation]
   374 | D        | Gained mutation: Your flesh is cold resistant. (rC+) [potion of mutation]
   395 | D        | Noticed a five-headed hydra
   395 | D        | Noticed a komodo dragon
   401 | D        | Killed a komodo dragon
   406 | D        | Killed a one-headed hydra
   406 | D        | Reached skill level 10 in Fighting
   406 | D        | Reached skill level 10 in Dodging
   406 | D        | Reached skill level 12 in Unarmed Combat
   406 | D        | Reached XP level 9. HP: 25/102 MP: 8/8
   584 | D        | Noticed a five-headed hydra
   585 | D        | Noticed a komodo dragon
   589 | D        | Slain by a three-headed hydra

Vault maps used:
D:        linesprint

Skill      XL: |  1  2  3  4  5  6  7  8 |
---------------+-------------------------+-----
Unarmed Combat | 3 5 6 8 9 10 12 | 12.7
Fighting       | 4 5 7 9 10 | 10.9
Dodging        | 4 5 7 9 10 | 10.9
Shields        | |  2.7

Action                   |  1- 3 |  4- 6 |  7- 9 || total
-------------------------+-------+-------+-------++-------
Melee: Unarmed           |    24 |    18 |    21 ||    63
       Battleaxe         |       |       |    26 ||    26
       Punch             |       |       |     2 ||     2
Invok: Potion Petition   |       |       |     1 ||     1
       Call Merchant     |       |       |     1 ||     1
  Use: Potion            |     3 |     1 |     3 ||     7
  Eat: Bread ration      |       |       |     2 ||     2
Armor: Robe              |     1 |       |       ||     1
       Skin              |     5 |     2 |    10 ||    17
Dodge: Dodged            |     6 |     7 |    49 ||    62
Block: Shield            |     3 |       |       ||     3

Table legend:
 A = Spawn XP
 B = Non-spawn XP
 C = Spawn XP percentage of total XP
 D = Spawn monster count
 E = Non-spawn monster count
 F = Spawn count percentage of total count
 G = Total turns spent on level
                    A         B        C        D         E        F      G
               +---------+---------+-------+---------+---------+-------+---------
         Total |       0 |    4000 |   0.0 |       0 |      29 |   0.0 |   589
               +---------+---------+-------+---------+---------+-------+---------
             D |       0 |    4000 |   0.0 |       0 |      29 |   0.0 |   589
               +---------+---------+-------+---------+---------+-------+---------
